 Dungeon Crawl Stone Soup version 0.25.1-8-g42b30a86e7 (webtiles) character file.

Game seed: 3770178056360134331

64 hawla the Conjurer (level 3, -9/26 HPs)
             Began as a Draconian Conjurer on Dec 7, 2020.
             Killed by divine providence
             ... invoked by an orc priest
              (14 damage)
             ... while paralysed
             ... on level 2 of the Dungeon.
             The game lasted 00:03:52 (1960 turns).

hawla the Conjurer (Draconian Conjurer)             Turns: 1960, Time: 00:03:52

Health: -9/26      AC:  5    Str: 10    XL:     3   Next: 91%
Magic:  2/7        EV:  2    Int: 16    God:
Gold:   58         SH:  0    Dex: 11    Spells: 5/8 levels left

rFire    . . .     SeeInvis .   (no weapon)
rCold    . . .     Gourm    .   (no shield)
rNeg     . . .     Faith    .   (armour unavailable)
rPois    .         Spirit   .   (helmet restricted)
rElec    .         Reflect  .   (no cloak)
rCorr    .         Harm     .   (no gloves)
MR       .....                  (no boots)
Stlth    ++........             (no amulet)
HPRegen  0.08/turn              (no ring)
MPRegen  0.10/turn              (no ring)

@: paralysed, berserk cooldown, slowed
A: unfitting armour, cold-blooded, AC +5
a: no special abilities


You were on level 2 of the Dungeon.
You were not hungry.

You visited 1 branch of the dungeon, and saw 2 of its levels.

You collected 58 gold pieces.

Inventory:

Missiles
 c - 13 poisoned darts (quivered)
Scrolls
 g - a scroll of identify
 i - a scroll of remove curse
Potions
 f - 2 potions of haste
 h - 2 potions of resistance {unknown}
 j - 4 potions of stabbing {unknown}
Comestibles
 b - 2 rations
 d - a chunk of flesh


   Skills:
 - Level 1.7 Dodging
 - Level 1.7 Stealth
 + Level 3.1 Spellcasting
 * Level 4.8 Conjurations


You had 5 spell levels left.
You knew the following spells:

 Your Spells              Type           Power        Failure   Level  Hunger
a - Magic Dart            Conj           ###.         2%          1    None
b - Searing Ray           Conj           ###...       3%          2    ##.....

Your spell library contained the following spells:

 Spells                   Type           Power        Failure   Level  Hunger
 Dazzling Flash           Conj/Hex       ##....       21%         3    ###....
 Confusing Touch          Hex            #.......     50%         3    ###....
 Gell's Gravitas          Tloc           #.........   50%         3    ###....
 Fulminant Prism          Conj/Hex       ##........   56%         4    ####...
 Iskenderun's Mystic Bla  Conj/Tloc      ##......     56%         4    ####...
 Petrify                  Tmut/Erth      #.......     88%         4    ####...
 Metabolic Englaciation   Hex/Ice        #.........   99%         5    ######.
 Yara's Violent Unravell  Hex/Tmut       #.........   99%         5    ######.


Dungeon Overview and Level Annotations

Branches:
Dungeon (2/15)

Altars:


Innate Abilities, Weirdness & Mutations

Your plain brown scales are hard. (AC +5)
You cannot fit into any form of body armour.
You are cold-blooded and may be slowed by cold attacks.


Message History

You kill the orc!
A leopard gecko comes into view.
Items here: ) [ †† a +0 dagger; a +0 robe; an orc corpse x2
You feel a strong urge to attack something.
The orc priest hits you with a +0 hand axe!
Things that are here:
a +0 hand axe; an orc corpse You punch the orc priest!
The orc priest is severely wounded.
You are no longer berserk.
You pass out from exhaustion.
You feel yourself slow down.
The orc priest hits you with a +0 hand axe.
* * * LOW HITPOINT WARNING * * *
The leopard gecko hisses menacingly.
The orc priest mumbles some strange prayers to Beogh against you.
Beogh smites you!
Ouch! That really hurt!
You die...

..##.##########
.....lo@......#
####.###.)?##...
..# #.....# #.#
##...## #.#
##.## #.# #.#
#.# #### #.# #.#
.# ..# ##'## #.#
.# #.# ##...##
###.#


You could see an orc priest and a leopard gecko.

Vanquished Creatures
  An orc wizard (D:2)
  A worm (D:2)
  4 dart slugs
  2 orcs (D:2)
  2 bats (D:2)
  2 giant cockroaches (D:2)
  3 goblins
  2 hobgoblins (D:1)
  4 kobolds
  A quokka (D:2)
  A frilled lizard (D:2)
  5 rats
28 creatures vanquished.

Notes
Turn   | Place    | Note
-------+----------+-------------------------------------------
     0 | D:1      | hawla the Draconian Conjurer began the quest for the Orb.
     0 | D:1      | Reached XP level 1. HP: 14/14 MP: 3/3
   553 | D:1      | Reached XP level 2. HP: 20/20 MP: 1/5
   557 | D:1      | Learned a level 2 spell: Searing Ray
  1486 | D:2      | Reached XP level 3. HP: 26/26 MP: 4/7
  1960 | D:2      | Killed from afar by an orc priest

Illustrated notes

Levels and vault maps discovered:
D:1:      minmay_arrival_three_doors, layout_loops_ring,
          hangedman_abyss_or_decor_lesser_grid
D:2:      layout_loops_corners

Skill      XL: |  1  2  3 |
---------------+----------+-----
Spellcasting   | 3 |  3.1
Dodging        | |  1.7
Stealth        | |  1.7
Conjurations   | |  4.8

Action                   || total
-------------------------++-------
Melee: Unarmed           ||    33
       Tailslap          ||     2
Throw: Dart              ||     5
 Cast: Magic Dart        ||    35
       Searing Ray       ||    13
  Use: Scroll            ||     7
       Potion            ||     2
  Eat: Chunk             ||     4
Armor: Skin              ||     7
Dodge: Dodged            ||    26
